[Event "Titled Tuesday Blitz November 29 Late 2022"]
[White "Hansen, Eric"]
[Black "Estrada Nieto, Julian"]
[WhiteFideId "2606771"]
[BlackFideId "5101018"]
[WhiteElo "2568"]
[BlackElo "2221"]
[Result "1-0"]
[Round "03"]
[TimeControl "180+1"]
[Date "2022.11.30"]
[WhiteClock "0:01:21"]
[BlackClock "0:01:05"]

1. d4 d5 2. c4 dxc4 3. Nf3 Nf6 4. e3 e6 5. Bxc4 a6 6. O-O c5 7. Be2 Nc6 8. dxc5 Qc7 9. a3 Bxc5 10. b4 Bd6 11. Bb2 O-O 12. Nbd2 Rd8 13. Rc1 Bd7 14. Nc4 Be7 15. Qb3 Rac8 16. Rfd1 Be8 17. Rxd8 Rxd8 18. Nce5 Qb8 19. h3 h6 20. Bc4 Nxe5 21. Bxe5 Bd6 22. Bd4 Rc8 23. Rd1 Bc6 24. Bxf6 gxf6 25. Bxe6 Bxf3 26. gxf3 Bh2+ 27. Kg2 Rf8 28. Bxf7+ Rxf7 29. Rd7 Qe8 30. Qxf7+ Qxf7 31. Rxf7 Kxf7 32. Kxh2 Ke6 33. f4 Kd5 34. f3 b5 35. e4+ Kc4 36. e5 Kd5 37. exf6 Ke6 38. Kg3 Kxf6 39. Kg4 Kg6 40. f5+ Kf6 41. Kf4 h5 42. h4 1-0


[Site "https://www.chess.com"]

[Event "Titled Tuesday Blitz November 29 Late 2022"]
[White "Harish, Neeraj"]
[Black "Yurovskykh, Oleksandr"]
[WhiteFideId "30958130"]
[BlackFideId "14134020"]
[WhiteElo "1815"]
[BlackElo "2265"]
[Result "0-1"]
[Round "03"]
[TimeControl "180+1"]
[Date "2022.11.30"]
[WhiteClock "0:00:02"]
[BlackClock "0:00:14"]

1. e4 d5 2. exd5 Qxd5 3. Nc3 Qd8 4. d4 Nf6 5. Nf3 Bg4 6. h3 Bxf3 7. Qxf3 c6 8. Be3 e6 9. O-O-O Bb4 10. Ne4 Nxe4 11. Qxe4 Qd5 12. Qxd5 cxd5 13. c3 Bd6 14. Bb5+ Nd7 15. Kb1 a6 16. Bd3 h5 17. h4 g6 18. g3 Rc8 19. Rde1 Nb6 20. Bc1 Nc4 21. b3 Na5 22. Bd2 Kd7 23. Kb2 b5 24. Bb1 Nc6 25. a3 a5 26. Bd3 b4 27. axb4 axb4 28. cxb4 Bxb4 29. Bxb4 Nxb4 30. Bb5+ Kd6 31. Rc1 Ra8 32. f4 Ra2+ 33. Kc3 Nc6 34. Bxc6 Kxc6 35. Rc2 Rha8 36. Rhh2 Ra1 37. Kb2+ Kd6 38. b4 R8a2+ 39. Kc3 Ra3+ 40. Kd2 Rb1 41. Rg2 Rxb4 42. g4 Rxd4+ 43. Kc1 hxg4 44. Rxg4 Raa4 0-1


[Site "https://www.chess.com"]

[Event "Titled Tuesday Blitz November 29 Late 2022"]
[White "Hartikainen, Jarmo"]
[Black "Melaugh, Shane"]
[WhiteFideId "503134"]
[BlackFideId "2509580"]
[WhiteElo "2202"]
[BlackElo "2025"]
[Result "0-1"]
[Round "03"]
[TimeControl "180+1"]
[Date "2022.11.30"]
[WhiteClock "0:00:14"]
[BlackClock "0:00:44"]

1. e4 d6 2. d4 Nf6 3. Nc3 Nbd7 4. Be2 e5 5. Nf3 c6 6. a4 h6 7. h3 Qc7 8. Be3 Be7 9. Qd2 Nf8 10. g4 Rb8 11. a5 b6 12. axb6 axb6 13. b4 exd4 14. Nxd4 d5 15. Nxc6 Rb7 16. Nxd5 Nxd5 17. exd5 Ng6 18. O-O O-O 19. Nxe7+ Qxe7 20. Bf3 Rd7 21. Rfe1 Qd6 22. c4 Bb7 23. c5 Qf6 24. Bh1 bxc5 25. bxc5 Rfd8 26. Rad1 Nh4 27. Bd4 Nf3+ 28. Bxf3 Qxf3 29. c6 Bxc6 30. Qe3 Qxd5 31. Bxg7 Qg2# 0-1


[Site "https://www.chess.com"]

[Event "Titled Tuesday Blitz November 29 Late 2022"]
[White "Haszon, David"]
[Black "Leitao, Rafael"]
[WhiteFideId "733610"]
[BlackFideId "2101246"]
[WhiteElo "2211"]
[BlackElo "2609"]
[Result "0-1"]
[Round "03"]
[TimeControl "180+1"]
[Date "2022.11.30"]
[WhiteClock "0:00:11"]
[BlackClock "0:00:26"]

1. d4 Nf6 2. Bf4 e6 3. Nf3 c5 4. e3 d5 5. Nbd2 Nc6 6. c3 Bd6 7. Bg3 O-O 8. Bb5 Ne7 9. Bd3 b6 10. Ne5 Bb7 11. O-O Ne4 12. Nxe4 dxe4 13. Bc2 Nf5 14. Nc4 Bxg3 15. hxg3 cxd4 16. exd4 Ba6 17. b3 Bxc4 18. bxc4 Rc8 19. Qe2 Nd6 20. Bxe4 Rxc4 21. Rac1 Qc7 22. Bb1 g6 23. Qf3 Rc8 24. d5 e5 25. Rfe1 Rxc3 26. Rxc3 Qxc3 27. Qd1 Qb2 28. a4 Rc5 29. Be4 Nxe4 30. d6 Qxf2+ 31. Kh1 Nxg3+ 32. Kh2 Qf4 33. Kg1 Rc8 34. d7 Rd8 35. Qd6 Nf5 36. Qc7 Qd4+ 37. Kh1 Qh4+ 38. Kg1 Qxe1+ 39. Kh2 Qh4+ 40. Kg1 Qe7 41. Qxa7 Rxd7 0-1


[Site "https://www.chess.com"]

[Event "Titled Tuesday Blitz November 29 Late 2022"]
[White "Hernandez Gonzalez, William"]
[Black "Vlassov, Nikolai"]
[WhiteFideId "3509915"]
[BlackFideId "4103360"]
[WhiteElo "2374"]
[BlackElo "2324"]
[Result "1-0"]
[Round "03"]
[TimeControl "180+1"]
[Date "2022.11.30"]
[WhiteClock "0:01:52"]
[BlackClock "0:02:24"]

1. e4 c5 2. Nf3 d6 3. d4 cxd4 4. Nxd4 Nf6 5. Nc3 g6 6. Be3 a6 7. f3 Nbd7 8. Qd2 Qc7 9. O-O-O b5 10. g4 Nb6 11. e5 dxe5 12. Ndxb5 axb5 13. Bxb6 Qxb6 14. Bxb5+ Bd7 15. Bxd7+ Kd8 16. Bc6+ Kc7 17. Bxa8 1-0


[Site "https://www.chess.com"]

[Event "Titled Tuesday Blitz November 29 Late 2022"]
[White "Hjartarson, Johann"]
[Black "Besedes, Danilo"]
[WhiteFideId "2300044"]
[BlackFideId "946796"]
[WhiteElo "2458"]
[BlackElo "2352"]
[Result "1-0"]
[Round "03"]
[TimeControl "180+1"]
[Date "2022.11.30"]
[WhiteClock "0:00:16"]
[BlackClock "0:00:01"]

1. e4 d6 2. d4 Nf6 3. Nc3 e5 4. Nf3 Nbd7 5. Bc4 Be7 6. O-O c5 7. d5 Nf8 8. a4 Ng6 9. g3 h5 10. h4 Bg4 11. Be2 O-O 12. Ng5 Qd7 13. f3 Bh3 14. Rf2 Qc8 15. a5 Bd7 16. a6 b6 17. b3 Nh7 18. Rh2 f5 19. exf5 Bxf5 20. Nce4 Bxe4 21. Nxe4 Qf5 22. Be3 Rf7 23. Nd2 Raf8 24. Ra4 Qd7 25. Bd3 Nh8 26. f4 exf4 27. Rxf4 Rxf4 28. Bxf4 Nf6 29. Re2 Ng4 30. Qe1 Bxh4 31. gxh4 Rxf4 32. Re8+ Kf7 33. Bb5 Qf5 34. Qe7+ Kg6 35. Bd3 Nf7 36. Qe6+ 1-0


[Site "https://www.chess.com"]

[Event "Titled Tuesday Blitz November 29 Late 2022"]
[White "Hoffmann, Asa"]
[Black "Marcolino, Daniel Mattos"]
[WhiteFideId "2001470"]
[BlackFideId "2106841"]
[WhiteElo "2117"]
[BlackElo "2111"]
[Result "1-0"]
[Round "03"]
[TimeControl "180+1"]
[Date "2022.11.30"]
[WhiteClock "0:01:38"]
[BlackClock "0:00:51"]

1. d4 Nf6 2. Bg5 d5 3. Nd2 Nbd7 4. e3 c5 5. c3 e6 6. f4 Be7 7. Bd3 b6 8. Ngf3 Bb7 9. O-O O-O 10. Ne5 Nxe5 11. fxe5 Ne4 12. Bxe7 Qxe7 13. Bxe4 dxe4 14. Qg4 f5 15. exf6 Rxf6 16. Rxf6 Qxf6 17. Nxe4 Qe7 18. Rf1 e5 19. d5 c4 20. d6 Qd8 21. Qe6+ Kh8 22. Ng3 g6 23. Qxe5+ Kg8 24. Qe6+ Kh8 25. Rf7 Bc6 26. Qe5+ 1-0


[Site "https://www.chess.com"]

[Event "Titled Tuesday Blitz November 29 Late 2022"]
[White "Huber, Benedikt"]
[Black "Atanasov, Anthony"]
[WhiteFideId "12923583"]
[BlackFideId "2623897"]
[WhiteElo "2199"]
[BlackElo "2048"]
[Result "1-0"]
[Round "03"]
[TimeControl "180+1"]
[Date "2022.11.30"]
[WhiteClock "0:00:05"]
[BlackClock "0:00:01"]

1. e4 e5 2. Nf3 Nf6 3. Nc3 Nc6 4. d4 exd4 5. Nxd4 Nxe4 6. Nxe4 Qe7 7. f3 d5 8. Nxc6 bxc6 9. Bd3 dxe4 10. fxe4 Qh4+ 11. g3 Qf6 12. Be3 Rb8 13. e5 Qxe5 14. Qe2 Bg4 15. Qxg4 Qxe3+ 16. Kf1 Bb4 17. a3 Bd2 18. Kg2 O-O 19. Rhf1 Rxb2 20. Rad1 g6 21. Rf3 Qh6 22. Qd4 Rbb8 23. Bc4 Bg5 24. Rdf1 Qg7 25. Qc5 Rb2 26. Rxf7 Rxc2+ 27. Kh1 Rxf7 28. Rxf7 Rc1+ 29. Kg2 Rc2+ 30. Rf2+ Kh8 31. Rxc2 h6 32. Rf2 Be7 33. Qe3 Bxa3 34. Qe6 Be7 35. Rf7 Qb2+ 36. Kh3 g5 37. Qxe7 g4+ 38. Kh4 Qxh2+ 39. Kxg4 h5+ 40. Kf5 Qd2 41. Ke6 Qe3+ 42. Kd7 Qd4+ 43. Ke8 Qxc4 44. Rh7+ Kg8 45. Qg7# 1-0


[Site "https://www.chess.com"]

[Event "Titled Tuesday Blitz November 29 Late 2022"]
[White "Iinuma, Paul Y"]
[Black "Yanchenko, Roman"]
[WhiteFideId "2031809"]
[BlackFideId "4137329"]
[WhiteElo "2440"]
[BlackElo "2827"]
[Result "0-1"]
[Round "03"]
[TimeControl "180+1"]
[Date "2022.11.30"]
[WhiteClock "0:01:33"]
[BlackClock "0:01:53"]

1. d4 d5 2. Nc3 Bf5 3. f3 e6 4. g4 Bg6 5. h4 h5 6. g5 Bd6 7. Kf2 Ne7 8. e3 a6 9. Bd3 Bxd3 10. Qxd3 c5 11. Nge2 Nbc6 12. a3 cxd4 13. exd4 Nf5 14. Nd1 Qb6 15. Kg2 Ncxd4 16. Nf4 g6 17. Re1 O-O 18. Kh3 Qc7 19. c3 Nb3 20. Rb1 Bxf4 21. Bxf4 Qxf4 22. Rg1 Qxh4+ 23. Kg2 Qxg5+ 24. Kf1 Nd2+ 25. Kf2 Qh4+ 26. Ke2 Nxb1 27. Qxb1 Qh2+ 28. Kf1 Ng3+ 29. Rxg3 Qxg3 30. Qd3 h4 31. Nf2 h3 32. Qd4 Qg2+ 33. Ke2 h2 34. Qh4 Rac8 35. Ke3 Rc4 36. Ng4 Rxg4 37. fxg4 h1=Q 38. Qxh1 Qxh1 0-1


[Site "https://www.chess.com"]

[Event "Titled Tuesday Blitz November 29 Late 2022"]
[White "Indjic, Aleksandar"]
[Black "Luo, Terry"]
[WhiteFideId "911925"]
[BlackFideId "30931045"]
[WhiteElo "2592"]
[BlackElo "2265"]
[Result "1-0"]
[Round "03"]
[TimeControl "180+1"]
[Date "2022.11.30"]
[WhiteClock "0:00:54"]
[BlackClock "0:00:04"]

1. e4 e5 2. Bb5 c6 3. Ba4 Nf6 4. Qe2 Bc5 5. Nf3 d6 6. d3 O-O 7. Bb3 a5 8. a3 Be6 9. Nbd2 a4 10. Bxe6 fxe6 11. h3 Nbd7 12. Nf1 b5 13. Ng3 Qe8 14. c3 Bb6 15. Be3 Bxe3 16. Qxe3 d5 17. O-O Nh5 18. Nxh5 Qxh5 19. Rae1 Rae8 20. d4 Rf4 21. exd5 exd5 22. Nxe5 Re4 23. Qxe4 dxe4 24. Nxd7 Qd5 25. Nc5 h5 26. Re3 g5 27. Rfe1 Kg7 28. Nxe4 Kg6 29. g4 hxg4 30. hxg4 Qd7 31. f3 Qc7 32. Kg2 Rh8 33. Ng3 Rf8 34. Re5 Qf7 35. Rf5 Qb3 36. Rxf8 Qxb2+ 37. Re2 Qxc3 38. Nh5 Qxa3 39. Re6+ Kh7 40. Rf7+ Kg8 41. Rg7+ Kf8 42. Rh6 Qb2+ 43. Kh3 Qa2 44. Rh8+ Qg8 45. Rhxg8# 1-0


[Site "https://www.chess.com"]

[Event "Titled Tuesday Blitz November 29 Late 2022"]
[White "Jimenez, Joaquin"]
[Black "Kim, Sergey"]
[WhiteFideId "109860"]
[BlackFideId "13700570"]
[WhiteElo "2163"]
[BlackElo "2616"]
[Result "0-1"]
[Round "03"]
[TimeControl "180+1"]
[Date "2022.11.30"]
[WhiteClock "0:00:21"]
[BlackClock "0:00:31"]

1. c4 Nf6 2. Nc3 g6 3. g3 Bg7 4. Bg2 O-O 5. e3 d6 6. Nge2 e5 7. d3 c6 8. O-O d5 9. cxd5 cxd5 10. d4 e4 11. b3 Nc6 12. Ba3 Re8 13. Rc1 a6 14. Na4 Nd7 15. Nf4 Bf8 16. Nc5 Nxc5 17. Bxc5 Bg7 18. a4 h5 19. h4 Bg4 20. Qd2 Qd7 21. Bb6 Bf8 22. Bc5 Bh6 23. Bb6 Rac8 24. Rc5 Bxf4 25. exf4 Bf3 26. Rfc1 Bxg2 27. Kxg2 Qg4 28. Qd1 Qf5 29. b4 e3 30. b5 exf2 31. Kxf2 axb5 32. axb5 Ne7 33. Qe2 Ra8 34. Qc2 Qh3 35. Kf3 Nf5 36. Rc3 Qxg3# 0-1


[Site "https://www.chess.com"]

[Event "Titled Tuesday Blitz November 29 Late 2022"]
[White "Jobava, Baadur"]
[Black "Kourkoulos-Arditis, Stamatis"]
[WhiteFideId "13601520"]
[BlackFideId "4221990"]
[WhiteElo "3049"]
[BlackElo "2781"]
[Result "1-0"]
[Round "03"]
[TimeControl "180+1"]
[Date "2022.11.30"]
[WhiteClock "0:00:56"]
[BlackClock "0:00:07"]

1. d4 Nf6 2. Nc3 d5 3. Bf4 a6 4. e3 Bf5 5. Bd3 Bxd3 6. cxd3 e6 7. Nf3 c5 8. O-O Nc6 9. dxc5 Bxc5 10. Rc1 Bd6 11. Re1 O-O 12. Bg5 Rc8 13. d4 Be7 14. Re2 b5 15. Ne1 Nd7 16. Bxe7 Qxe7 17. g3 Rc7 18. Rec2 Rfc8 19. Nd3 Nb6 20. Ne2 a5 21. b3 Nb4 22. Nxb4 axb4 23. Nf4 g6 24. Nd3 Rc3 25. Qd2 Rxc2 26. Rxc2 Rxc2 27. Qxc2 Kg7 28. Qc5 Qb7 29. Qxb5 Qa7 30. Nxb4 Nd7 31. a4 Qc7 32. Nc6 Nf6 33. a5 Ne4 34. a6 Nc3 35. Qb7 Qd6 36. Ne5 1-0


[Site "https://www.chess.com"]

[Event "Titled Tuesday Blitz November 29 Late 2022"]
[White "Joubert, Dantelle"]
[Black "Bernat, David"]
[WhiteFideId "14310813"]
[BlackFideId "2099225"]
[WhiteElo "1507"]
[BlackElo "2335"]
[Result "0-1"]
[Round "03"]
[TimeControl "180+1"]
[Date "2022.11.30"]
[WhiteClock "0:00:02"]
[BlackClock "0:00:08"]

1. d4 d5 2. c4 e5 3. dxe5 d4 4. Nf3 Nc6 5. a3 Nge7 6. Bf4 Ng6 7. Bg3 h5 8. h4 a5 9. b3 Bg4 10. Nbd2 Bc5 11. Qb1 Qe7 12. Qb2 Ngxe5 13. Nxe5 Nxe5 14. Bxe5 Qxe5 15. g3 O-O 16. O-O-O Qe7 17. Nb1 Rad8 18. Bh3 Qxe2 19. Rd2 Qe6 20. Bxg4 Qxg4 21. b4 axb4 22. axb4 Be7 23. Re1 Bf6 24. Rd3 Rfe8 25. Qd2 g5 26. Kc2 Rxe1 27. Qxe1 gxh4 28. gxh4 Bxh4 29. Qe5 Bxf2 30. Nd2 Be3 31. Ne4 Qe2+ 32. Nd2 Qf3 33. Ne4 Ra8 34. Nf6+ Kf8 35. Nd7+ Kg8 36. Nf6+ Kg7 37. Nxh5+ Kh6 38. Qf6+ Qxf6 39. Nxf6 Ra2+ 40. Kb3 Ra1 41. Nd5 Rb1+ 42. Kc2 Rc1+ 43. Kb3 c6 44. Nxe3 dxe3 45. Rxe3 f5 46. Rg3 f4 47. Rg4 f3 48. Rf4 Rf1 49. Kc3 f2 50. Kd2 Rb1 0-1


[Site "https://www.chess.com"]

[Event "Titled Tuesday Blitz November 29 Late 2022"]
[White "Kaganskiy, Gleb"]
[Black "Milosevic, Milos"]
[WhiteFideId "4132025"]
[BlackFideId "964875"]
[WhiteElo "2165"]
[BlackElo "2321"]
[Result "0-1"]
[Round "03"]
[TimeControl "180+1"]
[Date "2022.11.30"]
[WhiteClock "0:00:55"]
[BlackClock "0:01:55"]

1. e4 d6 2. d4 Nf6 3. Nc3 e5 4. Nf3 Nbd7 5. Bc4 Be7 6. dxe5 dxe5 7. Bxf7+ Kxf7 8. Ng5+ Kg8 9. Ne6 Qe8 10. Nxc7 Qd8 11. Nxa8 b6 12. Nd5 Bd6 13. Bg5 h6 14. Bxf6 Nxf6 15. a4 Kh7 16. a5 bxa5 17. Nxf6+ Qxf6 18. Rxa5 Bb4+ 19. c3 Bxa5 20. O-O Ba6 21. Re1 Rxa8 0-1


[Site "https://www.chess.com"]

[Event "Titled Tuesday Blitz November 29 Late 2022"]
[White "Kalogeris, Ioannis"]
[Black "Ibarra Jerez, Jose Carlos"]
[WhiteFideId "4239563"]
[BlackFideId "2226332"]
[WhiteElo "2312"]
[BlackElo "2638"]
[Result "0-1"]
[Round "03"]
[TimeControl "180+1"]
[Date "2022.11.30"]
[WhiteClock "0:00:21"]
[BlackClock "0:01:07"]

1. e4 c5 2. Nf3 e6 3. d4 cxd4 4. Nxd4 Bc5 5. Nb3 Bb6 6. Nc3 Ne7 7. Nb5 d5 8. Bf4 O-O 9. Nd6 Ng6 10. Bg3 dxe4 11. Nxe4 f5 12. Bxb8 Rxb8 13. Qxd8 Bxd8 14. Nec5 b6 15. Na6 Rb7 16. O-O-O Be7 17. Bb5 Bg5+ 18. Kb1 Re7 19. Nd4 Bb7 20. Bc4 Kh8 21. Nxe6 Rxe6 22. Bxe6 Bxa6 23. Rd5 Nf4 24. Re5 Bf6 25. Re3 Bd4 26. Ra3 Bb7 27. Rd1 Nxe6 0-1


[Site "https://www.chess.com"]

[Event "Titled Tuesday Blitz November 29 Late 2022"]
[White "Keymer, Vincent"]
[Black "Boyer, Mahel"]
[WhiteFideId "12940690"]
[BlackFideId "45102422"]
[WhiteElo "2915"]
[BlackElo "2683"]
[Result "1-0"]
[Round "03"]
[TimeControl "180+1"]
[Date "2022.11.30"]
[WhiteClock "0:00:43"]
[BlackClock "0:00:06"]

1. Nf3 g6 2. d4 Bg7 3. c4 c5 4. d5 Nf6 5. Nc3 d6 6. h3 e6 7. e4 exd5 8. cxd5 O-O 9. Bd3 a6 10. a4 Nbd7 11. O-O Nh5 12. Bg5 Bf6 13. Bh6 Bg7 14. Qd2 Ne5 15. Nxe5 Bxe5 16. Bxf8 Qxf8 17. Ne2 Qg7 18. Rab1 Bd7 19. b4 c4 20. Bxc4 Bxa4 21. b5 Qf6 22. f4 Nxf4 23. Nxf4 axb5 24. Bxb5 Qg5 25. Qf2 Bc2 26. Rbe1 Ra2 27. Nd3 Bd4 28. Qxd4 Bxd3 29. Rf2 Rxf2 30. Qxf2 Bxb5 31. Qe3 Qxe3+ 32. Rxe3 f6 33. Rc3 Kf7 34. Rc7+ Kf8 35. Kf2 Ba6 36. Rxh7 Kg8 37. Rd7 Kf8 38. Rxd6 Ke7 39. Re6+ Kf7 40. Ke3 Bc4 41. Kd4 b5 42. Rb6 f5 43. e5 f4 44. Rb7+ Kg8 45. e6 f3 46. gxf3 Bxd5 47. Kxd5 1-0


[Site "https://www.chess.com"]

[Event "Titled Tuesday Blitz November 29 Late 2022"]
[White "Khandelwal, Ankush"]
[Black "Han, Yichen"]
[WhiteFideId "413470"]
[BlackFideId "1054430"]
[WhiteElo "2271"]
[BlackElo "2323"]
[Result "1/2-1/2"]
[Round "03"]
[TimeControl "180+1"]
[Date "2022.11.30"]
[WhiteClock "0:00:07"]
[BlackClock "0:00:19"]

1. e4 c6 2. d4 d5 3. e5 Bf5 4. h4 h5 5. Bd3 Bxd3 6. Qxd3 e6 7. Bg5 Be7 8. Nf3 Qb6 9. Nbd2 Qa6 10. c4 Nd7 11. b3 Bxg5 12. hxg5 g6 13. g4 Ne7 14. gxh5 Rxh5 15. Rxh5 gxh5 16. Nh4 O-O-O 17. O-O-O Qxa2 18. f4 dxc4 19. Qxc4 Nd5 20. Ne4 Qa1+ 21. Kd2 Qxd1+ 22. Kxd1 Ne3+ 23. Ke2 Nxc4 24. bxc4 Nb6 25. Kd3 Kc7 26. Nd6 Rf8 27. f5 Nc8 28. Nxf7 Rxf7 29. f6 Ne7 30. g6 Nxg6 31. Nxg6 Kd7 32. Nf4 Rh7 33. d5 cxd5 34. cxd5 exd5 35. e6+ Kd6 36. f7 Rxf7 37. exf7 Ke7 38. Nxh5 Kxf7 39. Kd4 a5 40. Kxd5 a4 41. Kc4 b5+ 42. Kb4 Ke6 43. Nf4+ Ke5 44. Nd3+ Kd4 45. Nb2 a3 46. Kxa3 Kc3 47. Ka2 Kc2 48. Ka3 Kc3 49. Ka2 b4 50. Kb1 b3 51. Nd1+ Kc4 52. Kb2 Kb4 53. Ne3 Ka4 54. Nf5 Kb5 55. Nd4+ Kc4 56. Nxb3 1/2-1/2


[Site "https://www.chess.com"]

[Event "Titled Tuesday Blitz November 29 Late 2022"]
[White "Kirillov, Dmitry"]
[Black "De Souza, Cristiano Gomes"]
[WhiteFideId "34180572"]
[BlackFideId "2151758"]
[WhiteElo "2095"]
[BlackElo "2068"]
[Result "0-1"]
[Round "03"]
[TimeControl "180+1"]
[Date "2022.11.30"]
[WhiteClock "0:00:07"]
[BlackClock "0:01:01"]

1. e4 c5 2. Nc3 d6 3. f4 g6 4. Nf3 Bg4 5. Bc4 e6 6. O-O Nc6 7. h3 Bxf3 8. Qxf3 Nd4 9. Qd1 Bg7 10. d3 Ne7 11. Be3 Nec6 12. Qd2 O-O 13. Nd1 b5 14. Bb3 Nxb3 15. axb3 Nd4 16. Kh1 a5 17. g4 Qc7 18. f5 exf5 19. Bxd4 Bxd4 20. gxf5 Qe7 21. c3 Bg7 22. Ne3 Qh4 23. Qg2 a4 24. bxa4 bxa4 25. Nd5 Be5 26. Nb6 Ra6 27. Nd7 Re8 28. fxg6 fxg6 29. Qf3 Qe7 30. Nxe5 Qxe5 31. Qf7+ Kh8 32. Qc4 Rb6 33. Qxa4 Rxb2 34. Rf4 g5 35. Rg1 gxf4 36. Qd7 f3 0-1


[Site "https://www.chess.com"]

[Event "Titled Tuesday Blitz November 29 Late 2022"]
[White "Kollars, Dmitrij"]
[Black "Bashirli, Nail"]
[WhiteFideId "12909572"]
[BlackFideId "13406809"]
[WhiteElo "3004"]
[BlackElo "2766"]
[Result "1-0"]
[Round "03"]
[TimeControl "180+1"]
[Date "2022.11.30"]
[WhiteClock "0:01:06"]
[BlackClock "0:00:54"]

1. c4 Nf6 2. Nc3 e5 3. Nf3 Nc6 4. g3 g6 5. Bg2 Bg7 6. d4 exd4 7. Nxd4 O-O 8. O-O Re8 9. h3 Nxd4 10. Qxd4 Ne4 11. Qd3 Nxc3 12. bxc3 d6 13. Rb1 Rb8 14. Rd1 Bf5 15. e4 Be6 16. a4 Qd7 17. a5 Bxh3 18. Be3 Bxg2 19. Kxg2 Qa4 20. Bxa7 Ra8 21. Rxb7 Qxa5 22. Bd4 Be5 23. Rdb1 Qa2 24. Rxc7 Bxd4 25. cxd4 Ra3 26. Qd1 Re3 27. Rbb7 Rf8 28. Qg4 Qd2 29. Qf4 Re2 30. Rxf7 1-0


[Site "https://www.chess.com"]

[Event "Titled Tuesday Blitz November 29 Late 2022"]
[White "Kovacevic, Radmila"]
[Black "Rosenberg, Evan S"]
[WhiteFideId "933171"]
[BlackFideId "2019299"]
[WhiteElo "2208"]
[BlackElo "2380"]
[Result "1-0"]
[Round "03"]
[TimeControl "180+1"]
[Date "2022.11.30"]
[WhiteClock "0:00:07"]
[BlackClock "0:00:09"]

1. e4 e5 2. d4 exd4 3. Qxd4 Nc6 4. Qe3 Nf6 5. Bd2 Be7 6. c4 O-O 7. Nc3 Re8 8. O-O-O Bb4 9. f3 Ne5 10. a3 Bf8 11. g4 c6 12. Be1 d5 13. g5 Nh5 14. cxd5 cxd5 15. Nxd5 Kh8 16. Bc3 Ng6 17. Nf4 Qxd1+ 18. Kxd1 Nhxf4 19. h4 Nd5 20. Qc1 Nxc3+ 21. Qxc3 Rd8+ 22. Ke1 Be6 23. h5 Nf4 24. Rh4 Bd6 25. h6 Rg8 26. hxg7+ Rxg7 27. e5 Nd5 28. Qd4 Bc7 29. Bd3 Rd8 30. Qe4 Ne7 31. Rxh7+ Kg8 32. Rxg7+ Kxg7 33. Qh7+ Kf8 34. Qh8+ Ng8 35. Bh7 Ke7 36. Bxg8 Ba5+ 37. Kf2 Bb6+ 38. Kg2 Bd4 39. Qf6+ Ke8 40. g6 Rd5 41. Bxf7+ Kd7 42. Bxe6+ Kc7 43. Bxd5 Bxe5 44. Qxe5+ Kd7 45. g7 b5 46. g8=Q a5 47. Qgg7+ Kd8 48. Qg6 b4 49. Qeg7 bxa3 50. Q6f7 axb2 51. Qd7# 1-0


[Site "https://www.chess.com"]

[Event "Titled Tuesday Blitz November 29 Late 2022"]
[White "Lewtak, Damian"]
[Black "Ankerst, Mihael"]
[WhiteFideId "1141724"]
[BlackFideId "14602369"]
[WhiteElo "2329"]
[BlackElo "2319"]
[Result "1-0"]
[Round "03"]
[TimeControl "180+1"]
[Date "2022.11.30"]
[WhiteClock "0:00:26"]
[BlackClock "0:00:10"]

1. e4 c5 2. Nf3 Qb6 3. Nc3 Nc6 4. g3 e6 5. Bg2 d6 6. O-O Be7 7. d3 Nf6 8. Rb1 a6 9. a3 Qc7 10. Re1 Bd7 11. Bf4 O-O 12. e5 dxe5 13. Nxe5 Nxe5 14. Bxe5 Qc8 15. Ne4 Bc6 16. Nxf6+ gxf6 17. Qg4+ Kh8 18. Qh4 fxe5 19. Qxe7 f6 20. Be4 Qd7 21. Qxd7 Bxd7 22. Bxb7 Ra7 23. Bg2 a5 24. b3 Kg7 25. a4 Rd8 26. Re3 Be8 27. f4 exf4 28. Rxe6 fxg3 29. hxg3 c4 30. dxc4 Bg6 31. Be4 Rd2 32. Bxg6 hxg6 33. Rbe1 Rxc2 34. R1e2 Rc1+ 35. Kf2 Rb1 36. Re7+ Rxe7 37. Rxe7+ Kh6 38. Re3 Kg5 39. Rc3 Kf5 40. c5 Rd1 41. c6 Rd8 42. Rc5+ Ke6 43. Rxa5 Kd6 44. Ra6 Rb8 45. c7+ Kxc7 46. Rxf6 Rxb3 47. Rxg6 Rb4 48. a5 Ra4 49. a6 Ra3 50. Kg2 Kd7 51. Kh3 Ke7 52. Rb6 Kf7 53. Kh4 Kg7 54. g4 Ra1 55. Kh5 Ra2 56. Rb7+ Kg8 57. a7 Ra5+ 58. g5 Ra1 59. Rb8+ Kg7 60. a8=Q Rh1+ 61. Qxh1 1-0


[Site "https://www.chess.com"]

[Event "Titled Tuesday Blitz November 29 Late 2022"]
[White "Lopez Mulet, Inigo"]
[Black "Preotu, Razvan"]
[WhiteFideId "22235620"]
[BlackFideId "2613280"]
[WhiteElo "2289"]
[BlackElo "2407"]
[Result "1/2-1/2"]
[Round "03"]
[TimeControl "180+1"]
[Date "2022.11.30"]
[WhiteClock "0:00:10"]
[BlackClock "0:00:06"]

1. d4 Nf6 2. c4 g6 3. f3 Bg7 4. e4 d6 5. Nc3 O-O 6. Be3 a6 7. Qd2 c5 8. Nge2 Nc6 9. d5 Ne5 10. Ng3 e6 11. Be2 exd5 12. cxd5 b5 13. O-O b4 14. Nd1 a5 15. h3 Ba6 16. Rc1 c4 17. Bd4 Rc8 18. Ne3 Nfd7 19. f4 Nd3 20. Bxg7 Kxg7 21. Nxc4 Nxc1 22. Rxc1 Bxc4 23. Bxc4 Nb6 24. Qd4+ Kg8 25. b3 Nxc4 26. bxc4 Qh4 27. Qe3 Rfe8 28. Kh2 h5 29. c5 Rxc5 30. Rxc5 dxc5 31. e5 g5 32. Ne2 gxf4 33. Nxf4 Qg5 34. e6 fxe6 35. dxe6 h4 36. Qe4 Qg3+ 37. Kg1 Rd8 38. Nd5 Qg5 39. e7 Re8 40. Qe6+ Kg7 41. Ne3 Rxe7 42. Nf5+ Kf8 43. Qc8+ Kf7 44. Nd6+ Kg7 45. Nf5+ Kf6 46. Nxe7 Kxe7 47. Qc7+ Kf6 48. Qd8+ Kg6 49. Qg8+ Kf5 50. Qd5+ Kg6 51. Qg8+ Kh5 52. Qh7+ Qh6 53. Qf5+ Qg5 54. Qh7+ Qh6 55. g4+ hxg3 56. Qf5+ Qg5 57. Qh7+ Qh6 58. Qf5+ Qg5 59. Qh7+ Qh6 1/2-1/2


[Site "https://www.chess.com"]

[Event "Titled Tuesday Blitz November 29 Late 2022"]
[White "Maatman, Nick"]
[Black "Svane, Frederik"]
[WhiteFideId "1040391"]
[BlackFideId "12923044"]
[WhiteElo "2650"]
[BlackElo "2466"]
[Result "0-1"]
[Round "03"]
[TimeControl "180+1"]
[Date "2022.11.30"]
[WhiteClock "0:00:01"]
[BlackClock "0:00:02"]

1. d4 Nf6 2. c4 c6 3. Nf3 d5 4. g3 Bg4 5. Ne5 Be6 6. cxd5 cxd5 7. Nc3 Nfd7 8. Nd3 Nc6 9. Nf4 Bf5 10. Nfxd5 e6 11. Ne3 Bg6 12. Bg2 Nb6 13. d5 exd5 14. Nexd5 Nxd5 15. Qxd5 Bb4 16. O-O Bxc3 17. bxc3 O-O 18. Be3 Qf6 19. Bd4 Nxd4 20. cxd4 Rad8 21. Qxb7 Qxd4 22. e3 Qa4 23. Qb3 Qa5 24. Rfd1 Rb8 25. Qd5 Qa3 26. Rd2 h6 27. Rad1 Rfc8 28. h4 Rb2 29. h5 Rxd2 30. Rxd2 Bb1 31. Qb7 Bf5 32. Bf3 Qc3 33. Qd5 Be6 34. Qd3 Qa1+ 35. Kg2 Qc1 36. Be4 Qc7 37. Qa3 Bc4 38. Rc2 Qe5 39. Bf3 Bf1+ 40. Kxf1 Rxc2 41. Qxa7 Rc8 42. Qa3 Qf5 43. Kg2 g6 44. hxg6 Qxg6 45. Qe7 Rc2 46. a4 Ra2 47. Qe8+ Kh7 0-1


[Site "https://www.chess.com"]